[ AOE2 MATCH · #478308014 ]
UnrankedEthiopians vs Huns
[ REPLAY ANALYSIS · EXTRACTED FROM THE RECORDED GAME ]
Feudal
14:53
Castle
—
Imperial
—
| APM avg | 14.4 |
| APM peak | 37 |
| eAPM avg | 7.2 |
| Villagers / military | 26 / 0 |
Focus
⚔️ 8.1% · 🌾 91.9%
Feudal
12:28
Castle
—
Imperial
—
| APM avg | 34.3 |
| APM peak | 62 |
| eAPM avg | 10.8 |
| Villagers / military | 27 / 4 |
Focus
⚔️ 19.5% · 🌾 80.5%
Scout Cavalry ×4
Feudal
14:08
Castle
—
Imperial
—
| APM avg | 38.2 |
| APM peak | 73 |
| eAPM avg | 17.3 |
| Villagers / military | 27 / 0 |
Focus
⚔️ 18.9% · 🌾 81.1%
Feudal
12:33
Castle
—
Imperial
—
| APM avg | 37.2 |
| APM peak | 91 |
| eAPM avg | 14.4 |
| Villagers / military | 21 / 0 |
Focus
⚔️ 18.1% · 🌾 81.9%
Feudal
14:58
Castle
—
Imperial
—
| APM avg | 13.9 |
| APM peak | 28 |
| eAPM avg | 6.9 |
| Villagers / military | 21 / 0 |
Focus
⚔️ 7.5% · 🌾 92.5%
Feudal
11:43
Castle
—
Imperial
—
| APM avg | 35.4 |
| APM peak | 84 |
| eAPM avg | 12.6 |
| Villagers / military | 21 / 5 |
Focus
⚔️ 17.4% · 🌾 82.6%
Scout Cavalry ×5
Match map
Initial resources + every placement click. Lines = walls · curves = elevation contours. ◆ gold · ⬟ stone · ● berries · ✦ relic · ◌ wall gap
Your base· Open — unwalled flank
[GN]mezdap's base· Open — unwalled flank
Quando's base· Open — unwalled flank
[GN]LAZURİ's base· Open — 7t gap
Fr4ggi's base· Open — unwalled flank
[GN]Lazayeb_53's base· Open — unwalled flank
Smoothed initial terrain · ◌ = detected wall gap · hover for details
Inputs per minute
— PJtheDcoy - - [GN]mezdap
Build order — PJtheDcoy
46 actions detected in the replay
| 1:08 | Build | Town Center |
| 2:54 | Build | House |
| 2:57 | Build | House |
| 3:03 | Queue | Villager (Male) |
| 3:03 | Queue | Villager (Male) |
| 3:04 | Queue | Villager (Male) |
| 3:04 | Queue | Villager (Male) |
| 4:20 | Queue | Villager (Male) |
| 4:47 | Queue | Villager (Male) |
| 5:02 | Build | Mill |
| 5:13 | Queue | Villager (Male) |
| 5:31 | Queue | Villager (Male) |
| 5:58 | Queue | Villager (Male) |
| 6:53 | Queue | Villager (Male) |
| 6:53 | Queue | Villager (Male) |
| 7:13 | Queue | Villager (Male) |
| 7:17 | Build | House |
| 7:53 | Queue | Villager (Male) |
| 7:56 | Queue | Villager (Male) |
| 7:56 | Queue | Villager (Male) |
| 8:12 | Build | Lumber Camp |
| 8:39 | Build | House |
| 8:42 | Queue | Villager (Male) |
| 9:30 | Queue | Villager (Male) |
| 9:30 | Queue | Villager (Male) |
| 9:34 | Queue | Villager (Male) |
| 9:40 | Build | Mill |
| 10:45 | Queue | Villager (Male) |
| 10:45 | Queue | Villager (Male) |
| 10:46 | Queue | Villager (Male) |
| 10:49 | Research | Loom |
| 11:37 | Build | House |
| 11:45 | Build | Mining Camp |
| 12:04 | Build | Palisade Gate |
| 12:07 | Build | Palisade Wall |
| 12:11 | Build | Palisade Wall |
| 12:30 | Research | Feudal Age |
| 12:51 | Build | Mill |
| 14:27 | Build | Barracks |
| 14:30 | Build | Palisade Wall |
| 14:42 | Build | Palisade Wall |
| 14:53 | Age | Feudal Age |
| 14:57 | Queue | Villager (Male) |
| 14:58 | Queue | Villager (Male) |
| 15:16 | Queue | Villager (Male) |
| 15:17 | Queue | Villager (Male) |
Build order — [GN]mezdap
50 actions detected in the replay
| 0:15 | Build | Town Center |
| 2:47 | Research | Loom |
| 2:48 | Queue | Villager (Male) |
| 2:48 | Queue | Villager (Male) |
| 2:49 | Queue | Villager (Male) |
| 2:57 | Queue | Villager (Male) |
| 4:11 | Queue | Villager (Male) |
| 4:53 | Queue | Villager (Male) |
| 4:57 | Build | Lumber Camp |
| 4:59 | Queue | Villager (Male) |
| 6:02 | Queue | Villager (Male) |
| 6:02 | Queue | Villager (Male) |
| 6:12 | Queue | Villager (Male) |
| 6:33 | Queue | Villager (Male) |
| 6:53 | Queue | Villager (Male) |
| 7:15 | Queue | Villager (Male) |
| 7:56 | Queue | Villager (Male) |
| 8:39 | Queue | Villager (Male) |
| 9:23 | Build | Mill |
| 9:24 | Queue | Villager (Male) |
| 9:43 | Queue | Villager (Male) |
| 10:02 | Queue | Villager (Male) |
| 10:11 | Research | Feudal Age |
| 11:14 | Build | Barracks |
| 12:16 | Queue | Villager (Male) |
| 12:28 | Age | Feudal Age |
| 12:37 | Build | Stable |
| 12:51 | Queue | Villager (Male) |
| 12:56 | Build | Blacksmith |
| 13:02 | Queue | Villager (Male) |
| 13:06 | Research | Double-Bit Axe |
| 13:33 | Queue | Scout Cavalry |
| 13:33 | Queue | Scout Cavalry |
| 13:42 | Research | Horse Collar |
| 13:44 | Queue | Villager (Male) |
| 13:45 | Queue | Villager (Male) |
| 14:11 | Build | Farm |
| 14:11 | Build | Farm |
| 14:11 | Build | Farm |
| 14:12 | Build | Farm |
| 14:19 | Queue | Villager (Male) |
| 14:23 | Queue | Scout Cavalry |
| 14:43 | Queue | Villager (Male) |
| 14:46 | Queue | Scout Cavalry |
| 14:50 | Build | Farm |
| 14:51 | Build | Farm |
| 14:53 | Build | Farm |
| 14:59 | Build | Farm |
| 15:00 | Queue | Villager (Male) |
| 15:03 | Queue | Villager (Male) |
Build order — Quando
67 actions detected in the replay
| 0:06 | Build | Town Center |
| 1:34 | Build | House |
| 2:17 | Queue | Villager (Male) |
| 2:17 | Queue | Villager (Male) |
| 2:17 | Queue | Villager (Male) |
| 2:18 | Queue | Villager (Male) |
| 3:23 | Build | House |
| 3:32 | Build | House |
| 3:39 | Queue | Villager (Male) |
| 3:55 | Queue | Villager (Male) |
| 4:13 | Build | House |
| 4:28 | Build | Lumber Camp |
| 4:50 | Queue | Villager (Male) |
| 4:50 | Queue | Villager (Male) |
| 4:58 | Queue | Villager (Male) |
| 5:42 | Queue | Villager (Male) |
| 5:55 | Queue | Villager (Male) |
| 6:14 | Build | House |
| 6:20 | Queue | Villager (Male) |
| 6:50 | Queue | Villager (Male) |
| 6:58 | Build | Mill |
| 7:17 | Research | Loom |
| 7:26 | Build | House |
| 7:31 | Queue | Villager (Male) |
| 7:44 | Build | House |
| 7:53 | Build | House |
| 8:01 | Build | House |
| 8:11 | Queue | Villager (Male) |
| 8:11 | Queue | Villager (Male) |
| 8:14 | Build | House |
| 8:16 | Build | House |
| 8:25 | Build | House |
| 8:30 | Build | House |
| 8:35 | Build | House |
| 8:40 | Build | House |
| 8:42 | Queue | Villager (Male) |
| 8:45 | Build | House |
| 8:49 | Queue | Villager (Male) |
| 8:56 | Queue | Villager (Male) |
| 9:03 | Build | Mill |
| 9:09 | Build | House |
| 9:12 | Build | Palisade Wall |
| 9:51 | Queue | Villager (Male) |
| 10:37 | Build | House |
| 10:38 | Queue | Villager (Male) |
| 11:02 | Queue | Villager (Male) |
| 11:10 | Build | House |
| 11:13 | Build | House |
| 11:33 | Queue | Villager (Male) |
| 11:34 | Queue | Villager (Male) |
| 11:54 | Research | Feudal Age |
| 12:34 | Queue | Villager (Male) |
| 12:34 | Queue | Villager (Male) |
| 13:23 | Build | Mining Camp |
| 13:26 | Build | House |
| 13:58 | Build | House |
| 14:08 | Age | Feudal Age |
| 14:13 | Build | Market |
| 14:15 | Build | Blacksmith |
| 14:31 | Build | Palisade Wall |
| 14:34 | Build | Palisade Wall |
| 14:34 | Build | Palisade Wall |
| 14:35 | Build | Palisade Wall |
| 14:43 | Build | House |
| 14:45 | Build | Palisade Wall |
| 14:46 | Build | Palisade Wall |
| 15:03 | Queue | Villager (Male) |
Build order — [GN]LAZURİ
49 actions detected in the replay
| 0:08 | Build | Town Center |
| 0:26 | Build | Town Center |
| 1:28 | Build | House |
| 2:17 | Build | House |
| 2:27 | Build | House |
| 2:33 | Queue | Villager (Male) |
| 2:33 | Queue | Villager (Male) |
| 2:33 | Queue | Villager (Male) |
| 2:46 | Build | House |
| 2:48 | Build | House |
| 2:59 | Queue | Villager (Male) |
| 3:06 | Build | House |
| 3:19 | Build | House |
| 3:27 | Queue | Villager (Male) |
| 4:35 | Queue | Villager (Male) |
| 4:35 | Queue | Villager (Male) |
| 4:48 | Build | House |
| 4:52 | Queue | Villager (Male) |
| 5:45 | Queue | Villager (Male) |
| 6:10 | Queue | Villager (Male) |
| 6:37 | Queue | Villager (Male) |
| 6:45 | Build | House |
| 6:56 | Research | Loom |
| 6:57 | Research | Loom |
| 7:33 | Queue | Villager (Male) |
| 7:34 | Queue | Villager (Male) |
| 7:39 | Build | Lumber Camp |
| 8:06 | Queue | Villager (Male) |
| 8:25 | Queue | Villager (Male) |
| 9:13 | Queue | Villager (Male) |
| 9:21 | Queue | Villager (Male) |
| 9:43 | Build | Mill |
| 9:43 | Queue | Villager (Male) |
| 10:07 | Build | House |
| 10:23 | Research | Feudal Age |
| 11:08 | Build | House |
| 11:28 | Build | House |
| 11:39 | Build | Mill |
| 12:33 | Age | Feudal Age |
| 12:36 | Queue | Villager (Male) |
| 12:36 | Queue | Villager (Male) |
| 12:52 | Build | Market |
| 13:02 | Build | Blacksmith |
| 13:14 | Build | House |
| 13:39 | Queue | Villager (Male) |
| 14:19 | Research | Castle Age |
| 14:19 | Research | Castle Age |
| 14:24 | Research | Double-Bit Axe |
| 14:24 | Research | Double-Bit Axe |
Build order — Fr4ggi
38 actions detected in the replay
| 0:27 | Build | Town Center |
| 2:49 | Queue | Villager (Male) |
| 3:20 | Queue | Villager (Male) |
| 3:35 | Queue | Villager (Male) |
| 3:46 | Queue | Villager (Male) |
| 3:50 | Build | House |
| 4:24 | Queue | Villager (Male) |
| 4:40 | Queue | Villager (Male) |
| 5:37 | Queue | Villager (Male) |
| 6:04 | Queue | Villager (Male) |
| 6:18 | Build | House |
| 6:36 | Research | Loom |
| 6:36 | Queue | Villager (Male) |
| 6:54 | Build | Lumber Camp |
| 6:56 | Queue | Villager (Male) |
| 7:26 | Queue | Villager (Male) |
| 7:36 | Build | House |
| 7:47 | Queue | Villager (Male) |
| 8:11 | Queue | Villager (Male) |
| 8:30 | Queue | Villager (Male) |
| 8:55 | Queue | Villager (Male) |
| 9:33 | Queue | Villager (Male) |
| 9:39 | Build | House |
| 10:26 | Build | Barracks |
| 10:44 | Build | Mill |
| 11:00 | Queue | Villager (Male) |
| 11:01 | Queue | Villager (Male) |
| 11:57 | Queue | Villager (Male) |
| 11:57 | Queue | Villager (Male) |
| 12:54 | Research | Feudal Age |
| 13:58 | Build | House |
| 14:07 | Build | Mining Camp |
| 14:23 | Build | Farm |
| 14:24 | Build | Farm |
| 14:35 | Build | Mill |
| 14:58 | Age | Feudal Age |
| 15:00 | Build | Stable |
| 15:05 | Queue | Villager (Male) |
Build order — [GN]Lazayeb_53
43 actions detected in the replay
| 0:27 | Build | Town Center |
| 1:31 | Build | House |
| 2:38 | Queue | Villager (Male) |
| 2:39 | Queue | Villager (Male) |
| 2:39 | Queue | Villager (Male) |
| 2:58 | Queue | Villager (Male) |
| 2:58 | Queue | Villager (Male) |
| 4:15 | Research | Loom |
| 4:15 | Research | Loom |
| 4:33 | Queue | Villager (Male) |
| 4:33 | Queue | Villager (Male) |
| 4:54 | Queue | Villager (Male) |
| 5:53 | Build | House |
| 5:59 | Queue | Villager (Male) |
| 6:07 | Queue | Villager (Male) |
| 7:05 | Build | Mill |
| 7:14 | Queue | Villager (Male) |
| 7:22 | Queue | Villager (Male) |
| 7:57 | Queue | Villager (Male) |
| 8:03 | Build | House |
| 8:14 | Queue | Villager (Male) |
| 9:05 | Queue | Villager (Male) |
| 9:10 | Build | Lumber Camp |
| 9:33 | Research | Feudal Age |
| 9:33 | Research | Feudal Age |
| 10:29 | Build | Barracks |
| 11:19 | Queue | Villager (Male) |
| 11:19 | Queue | Villager (Male) |
| 11:29 | Build | House |
| 11:43 | Age | Feudal Age |
| 11:47 | Build | Stable |
| 12:24 | Queue | Scout Cavalry |
| 12:24 | Queue | Scout Cavalry |
| 12:32 | Queue | Scout Cavalry |
| 12:51 | Build | Lumber Camp |
| 13:05 | Queue | Villager (Male) |
| 13:05 | Queue | Villager (Male) |
| 13:06 | Queue | Scout Cavalry |
| 13:52 | Queue | Scout Cavalry |
| 14:11 | Build | House |
| 14:31 | Queue | Villager (Male) |
| 15:05 | Queue | Villager (Male) |
| 15:07 | Build | House |
Match timeline
| 9:12 | Quando · wall_segment Palisade Wall x1 |
| 10:26 | Fr4ggi · first_building Barracks |
| 10:29 | [GN]Lazayeb_53 · first_building Barracks |
| 11:14 | [GN]mezdap · first_building Barracks |
| 11:43 | [GN]Lazayeb_53 · age_up feudal |
| 11:47 | [GN]Lazayeb_53 · first_building Stable |
| 12:07 | PJtheDcoy · wall_segment Palisade Wall x3 |
| 12:11 | PJtheDcoy · wall_segment Palisade Wall x3 |
| 12:28 | [GN]mezdap · age_up feudal |
| 12:33 | [GN]LAZURİ · age_up feudal |
| 12:37 | [GN]mezdap · first_building Stable |
| 14:08 | Quando · age_up feudal |
| 14:18 | [GN]LAZURİ · first_market_sell 100 food |
| 14:27 | PJtheDcoy · first_building Barracks |
| 14:30 | PJtheDcoy · wall_segment Palisade Wall x2 |
| 14:31 | Quando · wall_segment Palisade Wall x1 |
| 14:34 | Quando · wall_segment Palisade Wall x1 |
| 14:34 | Quando · wall_segment Palisade Wall x1 |
| 14:35 | Quando · wall_segment Palisade Wall x1 |
| 14:42 | PJtheDcoy · wall_segment Palisade Wall x4 |
| 14:45 | Quando · wall_segment Palisade Wall x1 |
| 14:46 | Quando · wall_segment Palisade Wall x1 |
| 14:53 | PJtheDcoy · age_up feudal |
| 14:58 | Fr4ggi · age_up feudal |
| 15:00 | Fr4ggi · first_building Stable |
| 15:24 | Quando · resign |
[ AI ANALYSIS · 1 CREDIT ]
What really happened in this match?
Wolo.gg analyzes every decision: build order, eco, micro, common mistakes by bracket. Personalized analysis on WhatsApp or Discord in 30 seconds.
Civ guide
Ethiopians
Perfil
Jugador #1083245